 Dungeon Crawl Stone Soup version 0.18-a0-1211-g828307d (webtiles) character file.

272 namelastname112 the Chopper (level 6, -18/52 HPs)
             Began as a Draconian Skald on Feb 2, 2016.
             Demolished by an ogre
             ... wielding a cursed -3 giant club
              (20 damage)
             ... on level 3 of the Dungeon.
             The game lasted 00:04:11 (2891 turns).

namelastname112 the Chopper (Draconian Skald)       Turns: 2891, Time: 00:04:12

Health: -18/52     AC:  6    Str: 14    XL:     6   Next: 2%
Magic:  3/10       EV: 12    Int: 12    God:
Gold:   117        SH:  0    Dex: 13    Spells: 3 memorised, 3 levels left

rFire  . . .     SeeInvis .     a - +0 hand axe
rCold  . . .     Gourm    .     (armour unavailable)
rNeg   . . .     Faith    .     (no shield)
rPois  .         Spirit   .     (helmet restricted)
rElec  .         Dismiss  .     (no cloak)
rCorr  .         Reflect  .     (no gloves)
SustAt .         Harm     .     (no boots)
MR     .....                    (no amulet)
Stlth  +.........               (no ring)
                                (no ring)

@: not resistant to hostile enchantments, very unstealthy
A: unfitting armour, cold-blooded, AC +6
a: no special abilities


You were on level 3 of the Dungeon.
You were not hungry.

You visited 1 branch of the dungeon, and saw 3 of its levels.

You collected 117 gold pieces.

Inventory:

Hand Weapons
 a - a +0 hand axe (weapon)
Scrolls
 d - 3 scrolls of identify {unknown}
 e - a scroll of recharging {unknown}
 g - a scroll of enchant armour {unknown}
Potions
 f - a potion of might {unknown}
 i - a potion of curing
 j - 2 potions of ambrosia {unknown}
 k - a potion of lignification {unknown}
Books
 b - a book of Battle

   Spells                             Type                      Level
   a - Infusion                       Charms                       1
   b - Shroud of Golubria             Charms/Translocation         2
   c - Song of Slaying                Charms                       2
   d - Spectral Weapon                Hexes/Charms                 3
   e - Regeneration                   Charms/Necromancy            3
Comestibles
 c - 2 bread rations
 h - a meat ration


   Skills:
 + Level 3.7 Fighting
 * Level 4.0 Axes
 + Level 2.5 Dodging
 + Level 2.8 Spellcasting
 + Level 3.3 Charms


You had 3 spell levels left.
You knew the following spells:

 Your Spells              Type           Power        Failure   Level  Hunger
a - Infusion              Chrm           #...         8%          1    #......
b - Regeneration          Chrm/Necr      #.........   43%         3    ###....
c - Spectral Weapon       Hex/Chrm       #.......     43%         3    ###....


Dungeon Overview and Level Annotations

Branches:
Dungeon (3/15)

Altars:
Makhleb
Xom


Innate Abilities, Weirdness & Mutations

Your plain brown scales are hard (AC +6).
Your body does not fit into most forms of armour.
You are cold-blooded and may be slowed by cold attacks.


Message History

The ball python misses you. The ball python completely misses you.
A giant cockroach comes into view.
The ball python barely misses you. The ball python grabs you.
The ball python constricts you.
You escape the ball python's grasp.
The giant cockroach closely misses you.
You closely miss the giant cockroach. The giant cockroach bites you.
The ball python completely misses you. The ball python barely misses you.
You barely miss the giant cockroach. You hit the ball python.
You kill the ball python!
The giant cockroach bites you but does no damage.
You barely miss the giant cockroach. You tail-slap the giant cockroach.
The giant cockroach is severely wounded.
You hit the ogre.
The ogre is heavily wounded.
The giant cockroach bites you but does no damage.
The ogre hits you with a giant club!!
* * * LOW HITPOINT WARNING * * *
The giant cockroach misses you. The ogre hits you with a giant club!!
You die...

## #.......#..#..# #..
#.##.#(....#..# ..#
##.##?##.......#
#.###.###.O........# #...##
####......## ##.## ##...###
#.# #...# ########.###
#...#### #####...†..O@..#
#......
#.....#####.##.#######....###
#.....# #s##...............
#.....# #.##...............
#...>.# #.###..........^...
#.....# ...........†.†..###
####### #.#######..#.......
#.# #..#.....## #.+
#..#.^^^.#


You could see an ogre and a giant cockroach.

Vanquished Creatures
  Sigmund (D:3)
  An orc priest (D:3)
  2 adders (D:2)
  2 oozes (D:2)
  A worm (D:2)
  3 giant geckos
  7 orcs
  5 bats
  2 giant cockroaches (D:1)
  5 goblins
  4 hobgoblins
  5 jackals
  2 quokkas (D:2)
  A ball python (D:3)
  6 giant newts
  5 kobolds
  9 rats
61 creatures vanquished.

Vanquished Creatures (others)
  4 jackals (D:2)
  A bat (D:2)
5 creatures vanquished.

Grand Total: 66 creatures vanquished

Notes
Turn   | Place    | Note
--------------------------------------------------------------
     0 | D:1      | namelastname112 the Draconian Skald began the quest for the Orb.
     0 | D:1      | Reached XP level 1. HP: 17/17 MP: 3/3
   319 | D:1      | Reached XP level 2. HP: 22/25 MP: 5/5
   946 | D:2      | HP: 1/25 [poisoned by an adder]
   949 | D:2      | Reached XP level 3. HP: 12/30 MP: 0/6
  1158 | D:2      | Learned a level 3 spell: Regeneration
  1197 | D:2      | Found a burning altar of Makhleb.
  1297 | D:2      | Reached skill level 3 in Fighting
  1604 | D:2      | Reached XP level 4. HP: 33/38 MP: 7/7
  2087 | D:3      | Found a shimmering altar of Xom.
  2089 | D:3      | Noticed Sigmund
  2213 | D:2      | Learned a level 3 spell: Spectral Weapon
  2538 | D:3      | Killed Sigmund
  2538 | D:3      | Reached XP level 5. HP: 18/46 MP: 2/9
  2730 | D:3      | Reached skill level 4 in Axes
  2800 | D:3      | Reached XP level 6. HP: 47/52 MP: 10/10
  2890 | D:3      | HP: 2/52 [ogre/giant club (22)]
  2891 | D:3      | Demolished by an ogre

Vault maps used:
D:1:      elethiomel_arrival_infinity_welcomes_careful_drivers, serial_forest,
          infiniplex_forest_straight_2, infiniplex_forest_straight_2,
          infiniplex_forest_clump_small, infiniplex_forest_clump_curved,
          infiniplex_forest_clump_small, infiniplex_forest_end_3,
          infiniplex_forest_fountain
D:2:      lemuel_crystal_altar, lemuel_old_faithful
D:3:      johnstein_pakellas_dig, xom_teletrap_fun, uniq_sigmund

Action                   |  1- 3 |  4- 6 || total
-------------------------+-------+-------++-------
Melee: Hand axe          |   144 |    75 ||   219
 Cast: Infusion          |     3 |     3 ||     6
       Spectral Weapon   |       |     3 ||     3
  Use: Potion            |     1 |     2 ||     3
 Stab: Sleeping          |     1 |       ||     1
  Eat: Chunk             |     2 |     2 ||     4
       Meat ration       |       |     1 ||     1
